AoeStats
← Malik Bhai

Arabian Desert

509284294Analyzed
1v1 RM · 6d ago on Sep 26, 2026· 28m 18s· 2 players
Game mode
Random Map
Map size
Tiny (2 player)
Population
200
Speed
Normal
Resources
Standard
Victory
Conquest
Starting age
Dark Age
Ending age
Imperial Age
RankedLock teamsTeams togetherTeam positionsShared explorationLock speedFull tech treeHidden civsTurbo modeCheats
Victory
Defeat
🇵🇰 Chinese · Pakistan
1586
+12
🇹🇷 Slavs · Türkiye
1488
-12
Malik Bhai
0:25 Loom
9:15 Feudal Age
10:54 Double-Bit Axe
11:46 Horse Collar
15:13 Fletching
19:51 Castle Age
18:47 Scale Mail Armor
20:03 Forging
22:27 Chain Mail Armor
22:42 Squires
23:18 Iron Casting
26:43 Arson
mülayim sert
6:00 Loom
8:45 Feudal Age
9:21 Double-Bit Axe
13:07 Horse Collar
19:48 Castle Age
18:47 Padded Archer Armor
18:38 Fletching
18:49 Padded Archer Armor
21:29 Scale Barding Armor
21:44 Bow Saw
22:21 Wheelbarrow
26:39 Scale Mail Armor
26:30 Man-at-Arms
27:26 Long Swordsman
Connection lost

Rejoining the realm…

Still unreachable

The connection could not be restored.

Session expired

The server has moved on; the page needs a fresh start.